[Event "Saturday 27 January Rapid Engine Tour 12+1 Rounds 9 Starts 1600 ST"]
[Site "Infinity Chess"]
[Date "2018.1.27"]
[Round "6"]
[White "Gilgamesch"]
[Black "star99"]
[Result "1-0"]
[ECO "C55"]
[WhiteElo "2456"]
[BlackElo "2373"]
[WhiteEngine "BrainFish_171005_x64_bmi2"]
[BlackEngine "Cryptic AIL V2"]
[EventType "Swiss"]
[WhiteTeam ""]
[BlackTeam ""]
[PlyCount "215"]
[TimeControl "720+1"]

1. e4 e5 2. Nf3 Nc6 3. Bc4 Nf6 4. d3 Bc5 5. O-O d6 6. c3 O-O 7. Bg5 h6 8. Bh4 g5 
9. Bg3 Na5 10. b4 Nxc4 11. bxc5 Na5 12. Nbd2 Nh5 13. h3 b6 14. cxd6 cxd6 
15. Nb3 Rb8 16. Nh2 Nf4 17. Re1 Kg7 18. Nxa5 bxa5 19. c4 Rg8 20. Rc1 Rb2 
21. Rc2 Rxc2 22. Qxc2 f5 23. exf5 Bxf5 24. Bxf4 gxf4 25. Nf3 Kh7 26. Kh2 Qf6 
27. Rg1 Rc8 28. Qb2 Rc7 29. Qa3 Rg7 30. c5 dxc5 31. Qxc5 e4 32. Nd4 Bg6 
33. dxe4 Bxe4 34. f3 Bd3 35. Qc3 Bg6 36. Rd1 Qe5 37. Re1 Qf6 38. Qc5 Bf7 
39. Re2 Bg8 40. Qc2+ Kh8 41. Qd2 Rb7 42. Re4 Rb4 43. Rxf4 Qd6 44. Kg1 h5 
45. Qc3 Rb1+ 46. Kf2 Qb4 47. Qe3 Rb2+ 48. Kg1 Rb1+ 49. Kh2 Re1 50. Qf2 Qd6 
51. Qh4 Re5 52. Qg3 Rc5 53. a3 Qe5 54. Rf8 Qxg3+ 55. Kxg3 Rg5+ 56. Kf2 Kg7 
57. Ra8 Rc5 58. h4 Rc7 59. Nb5 Rc2+ 60. Kg3 Rc5 61. Rxa7+ Kf6 62. Nd6 Ke5 
63. Ne4 Rb5 64. a4 Rd5 65. Kf2 Rd3 66. Rg7 Bd5 67. Rg5+ Kd4 68. Nf6 Bc6 
69. Rxh5 Kc4 70. Rxa5 Rd6 71. Ne4 Bxe4 72. fxe4 Kb4 73. Rf5 Rd4 74. h5 Rxe4 
75. h6 Rh4 76. h7 Rxh7 77. a5 Kc3 78. g3 Kd3 79. a6 Rh2+ 80. Kf3 Ra2 81. g4 Rxa6 
82. g5 Kd4 83. Kf4 Kc4 84. Ke4 Re6+ 85. Re5 Ra6 86. Kf5 Kd4 87. Re4+ Kc3 
88. g6 Ra8 89. g7 Ra5+ 90. Kf6 Ra6+ 91. Kf7 Kd3 92. Re8 Ra7+ 93. Kf6 Rxg7 
94. Kxg7 Kc3 95. Kf6 Kd4 96. Rd8+ Kc5 97. Ke5 Kc4 98. Rd5 Kc3 99. Rd4 Kb2 
100. Rc4 Kb3 101. Kd4 Kb2 102. Ke3 Ka3 103. Kd2 Kb2 104. Rb4+ Ka3 105. Kc3 Ka2 
106. Ra4+ Kb1 107. Ra8 Kc1 108. Ra1# 1-0

[Event "Saturday 27 January Rapid Engine Tour 12+1 Rounds 9 Starts 1600 ST"]
[Site "Infinity Chess"]
[Date "2018.1.27"]
[Round "6"]
[White "RonWeasley"]
[Black "Marsell"]
[Result "1/2-1/2"]
[ECO "C55"]
[WhiteElo "2453"]
[BlackElo "2464"]
[WhiteEngine "BrainFish 060118_CTG"]
[BlackEngine "asmFishW_2018-01-11_popcnt"]
[EventType "Swiss"]
[WhiteTeam ""]
[BlackTeam ""]
[PlyCount "117"]
[TimeControl "720+1"]

1. e4 e5 2. Nf3 Nc6 3. Bc4 Nf6 4. d3 Bc5 5. c3 d6 6. Bb3 a6 7. Nbd2 O-O 
8. O-O Ba7 9. Re1 Ng4 10. Re2 Kh8 11. h3 Nh6 12. Nf1 f5 13. Bg5 Qd7 
14. N1h2 fxe4 15. Rxe4 Nf7 16. Bh4 Qf5 17. Kh1 g5 18. Bg3 Qg6 19. Re1 h5 
20. d4 h4 21. Bxf7 Rxf7 22. Bxe5+ dxe5 23. d5 e4 24. dxc6 exf3 25. Nxf3 Qf6 
26. Re8+ Kg7 27. Qd2 bxc6 28. Nxg5 Rf8 29. Rae1 Bf5 30. Ne6+ Bxe6 31. R8xe6 Rad8 
32. Qc2 Qf5 33. Re7+ Kh8 34. Qe2 Qg6 35. f3 Qg5 36. Re5 Qf6 37. f4 Rd7 
38. Rf1 Rd5 39. Re6 Qg7 40. Qxa6 Bc5 41. Qxc6 Rd6 42. Qe4 Rxe6 43. Qxe6 Bd6 
44. Qe4 Qe7 45. Qxe7 Bxe7 46. a4 Rb8 47. b4 Kg7 48. g3 hxg3 49. Kg2 Kg6 
50. Kxg3 Kf5 51. a5 Bf6 52. a6 Bxc3 53. Rc1 Bxb4 54. Rxc7 Bd6 55. Rb7 Rxb7 
56. axb7 Bxf4+ 57. Kf3 Bb8 58. h4 Kg6 59. Kg4 1/2-1/2

[Event "Saturday 27 January Rapid Engine Tour 12+1 Rounds 9 Starts 1600 ST"]
[Site "Infinity Chess"]
[Date "2018.1.27"]
[Round "6"]
[White "Ninja_Bp"]
[Black "Dovahkiin"]
[Result "1/2-1/2"]
[ECO "C11"]
[WhiteElo "2458"]
[BlackElo "2403"]
[WhiteEngine "Houdini 6"]
[BlackEngine "BrainFish_180113_x64_modern_CTG"]
[EventType "Swiss"]
[WhiteTeam ""]
[BlackTeam ""]
[PlyCount "102"]
[TimeControl "720+1"]

1. e4 e6 2. d4 d5 3. Nc3 Nf6 4. e5 Nfd7 5. f4 c5 6. Nf3 Nc6 7. Be3 cxd4 
8. Nxd4 Qb6 9. Qd2 Qxb2 10. Rb1 Qa3 11. Bb5 Nxd4 12. Bxd4 a6 13. Bxd7+ Bxd7 
14. Rb3 Qe7 15. Rxb7 Rc8 16. O-O Qd8 17. f5 exf5 18. Qd3 Bc5 19. Bxc5 Rxc5 
20. Nxd5 Bc8 21. Re7+ Kf8 22. Qa3 Qa5 23. Qxa5 Rxa5 24. Rc7 Be6 25. Nf4 Rxe5 
26. Nxe6+ Rxe6 27. Rxf5 Re7 28. Rc8+ Re8 29. Rfc5 Ke7 30. R8c6 g6 31. Rc3 a5 
32. R6c5 f5 33. Rxa5 Rc8 34. Raa3 Kf6 35. g3 Rhd8 36. Kf1 Rxc3 37. Rxc3 Ra8 
38. a3 Ra4 39. h4 h6 40. Ke2 g5 41. hxg5+ Kxg5 42. Kf3 h5 43. Kg2 Kf6 
44. Kf3 Kg5 45. Rb3 h4 46. gxh4+ Rxh4 47. c3 Ra4 48. c4 Rxc4 49. Kf2 Rc2+ 
50. Kf3 Ra2 51. Kg3 Rd2 1/2-1/2

[Event "Saturday 27 January Rapid Engine Tour 12+1 Rounds 9 Starts 1600 ST"]
[Site "Infinity Chess"]
[Date "2018.1.27"]
[Round "6"]
[White "BraveDevil"]
[Black "Prometheus"]
[Result "1/2-1/2"]
[ECO "B23"]
[WhiteElo "2441"]
[BlackElo "2458"]
[WhiteEngine "Cryptic AIL V2"]
[BlackEngine "Eman 1.67a-64bit-IDeA"]
[EventType "Swiss"]
[WhiteTeam ""]
[BlackTeam ""]
[PlyCount "100"]
[TimeControl "720+1"]

1. e4 c5 2. Nc3 Nc6 3. Nf3 d6 4. d4 cxd4 5. Nxd4 Nf6 6. Bg5 e6 7. Qd2 Be7 
8. O-O-O O-O 9. h4 Nxd4 10. Qxd4 Bd7 11. f3 a6 12. Kb1 b5 13. g4 Qa5 14. Qd2 b4 
15. Ne2 Rfc8 16. Be3 e5 17. Bh3 Ne8 18. g5 Bxh3 19. Rxh3 Qc7 20. Ng3 a5 
21. Rh2 a4 22. h5 b3 23. Nf5 Qxc2+ 24. Qxc2 Rxc2 25. Rxc2 bxc2+ 26. Kxc2 Kf8 
27. Rd5 Nc7 28. Rd3 Ne6 29. h6 g6 30. Nxe7 Kxe7 31. Ra3 f5 32. gxf6+ Kxf6 
33. b4 axb3+ 34. Kxb3 Rc8 35. Ra6 Nd4+ 36. Bxd4 exd4 37. Rxd6+ Ke5 38. Rd5+ Kf4 
39. Rxd4 Kxf3 40. Rd7 g5 41. Rxh7 g4 42. Rg7 Rb8+ 43. Kc2 g3 44. h7 Rh8 
45. e5 g2 46. e6 Rxh7 47. Rf7+ Rxf7 48. exf7 Ke4 49. f8=Q g1=Q 50. a3 Qh2+ 
1/2-1/2

[Event "Saturday 27 January Rapid Engine Tour 12+1 Rounds 9 Starts 1600 ST"]
[Site "Infinity Chess"]
[Date "2018.1.27"]
[Round "6"]
[White "Susanne"]
[Black "incredible"]
[Result "1/2-1/2"]
[ECO "C55"]
[WhiteElo "2464"]
[BlackElo "2419"]
[WhiteEngine "asmfish-bmi2-012118-W_CTG"]
[BlackEngine "Houdini 6"]
[EventType "Swiss"]
[WhiteTeam ""]
[BlackTeam ""]
[PlyCount "91"]
[TimeControl "720+1"]

1. e4 e5 2. Nf3 Nc6 3. Bc4 Nf6 4. d3 Bc5 5. O-O a5 6. c3 d6 7. Nbd2 O-O 
8. Re1 Be6 9. Bb5 Ne7 10. d4 Ba7 11. h3 Ng6 12. Ba4 c6 13. Bc2 Nh5 14. Nf1 Nhf4 
15. Ng3 f6 16. Be3 d5 17. exd5 Bxd5 18. Nf5 exd4 19. Bxf4 Nxf4 20. N3xd4 Kh8 
21. Qg4 g5 22. g3 h5 23. Qd1 Nxh3+ 24. Kh2 g4 25. f4 Re8 26. Qd3 Nf2 27. Qf1 Ne4 
28. Rad1 Bxd4 29. Rxd4 Nc5 30. c4 Rxe1 31. Qxe1 Qe8 32. Qd2 Be6 33. Nh4 Kg8 
34. Rd6 Bf7 35. Nf5 Bg6 36. Rxf6 Bxf5 37. Rxf5 Rd8 38. Rg5+ Kf8 39. Qc3 Qe2+ 
40. Kg1 Rd1+ 41. Bxd1 Qxd1+ 42. Kg2 Qe2+ 43. Kh1 Qd1+ 44. Kg2 Qe2+ 45. Kh1 Qd1+ 
46. Kg2 1/2-1/2

[Event "Saturday 27 January Rapid Engine Tour 12+1 Rounds 9 Starts 1600 ST"]
[Site "Infinity Chess"]
[Date "2018.1.27"]
[Round "6"]
[White "angriff"]
[Black "IronMan"]
[Result "1/2-1/2"]
[ECO "D31"]
[WhiteElo "2392"]
[BlackElo "2416"]
[WhiteEngine "Stockfish SL FA POPCNT_CTG"]
[BlackEngine "SF SL FA 250118-IDeA"]
[EventType "Swiss"]
[WhiteTeam ""]
[BlackTeam ""]
[PlyCount "122"]
[TimeControl "720+1"]

1. d4 d5 2. c4 e6 3. Nc3 c6 4. e4 dxe4 5. Nxe4 Bb4+ 6. Nc3 c5 7. Nf3 Nf6 
8. Be2 Ne4 9. Qd3 cxd4 10. Nxd4 Nxc3 11. bxc3 Bc5 12. O-O O-O 13. Re1 e5 
14. Nb3 Qxd3 15. Bxd3 Bd6 16. Rd1 Be7 17. Be4 Nd7 18. Bxb7 Bxb7 19. Rxd7 Rfd8 
20. Rxd8+ Bxd8 21. Ba3 Ba6 22. c5 f6 23. h3 Rc8 24. Rd1 Bc7 25. Bb4 Bc4 
26. Rd7 Bb5 27. Rd2 Kf7 28. f3 h5 29. Rb2 g5 30. Kf2 Bd7 31. Ke1 g4 32. Rd2 Be6 
33. hxg4 hxg4 34. c6 Bb6 35. Rd6 Bc7 36. Rd2 Rb8 37. Bd6 Bxd6 38. Rxd6 Ke7 
39. c7 Rc8 40. Ra6 Rxc7 41. Nd2 Rb7 42. Ra4 Bf5 43. c4 Be6 44. Ra3 Kf7 
45. Ke2 gxf3+ 46. gxf3 Bf5 47. Ke3 Rd7 48. Ne4 Bxe4 49. fxe4 Rc7 50. c5 Rxc5 
51. Rxa7+ Ke6 52. Ra6+ Kf7 53. Kd2 Rb5 54. Ra7+ Ke6 55. Ke3 Rb6 56. Kf2 Rc6 
57. Ke3 f5 58. exf5+ Kxf5 59. Ra8 Rc1 60. Rf8+ Ke6 61. Re8+ Kd5 1/2-1/2

[Event "Saturday 27 January Rapid Engine Tour 12+1 Rounds 9 Starts 1600 ST"]
[Site "Infinity Chess"]
[Date "2018.1.27"]
[Round "6"]
[White "MiKachomiKa QueeN"]
[Black "KRAKEN"]
[Result "1/2-1/2"]
[ECO "C50"]
[WhiteElo "2438"]
[BlackElo "2499"]
[WhiteEngine "stockfish_18012314_x64_modern_CTG"]
[BlackEngine "Raubfisch X37b4_CTG"]
[EventType "Swiss"]
[WhiteTeam ""]
[BlackTeam ""]
[PlyCount "139"]
[TimeControl "720+1"]

1. e4 e5 2. Nf3 Nc6 3. Bc4 Bc5 4. d3 Nf6 5. c3 O-O 6. O-O d6 7. Nbd2 a6 
8. Bb3 Ba7 9. Re1 Ng4 10. Re2 Kh8 11. h3 f5 12. exf5 Nh6 13. g4 Nxf5 
14. gxf5 Bxf5 15. Ne4 Bxh3 16. Nfg5 Bg4 17. Kh1 Na5 18. Bf7 Qd7 19. f3 Bxf3+ 
20. Nxf3 Qxf7 21. Nh2 d5 22. Ng5 Qh5 23. Re1 Qxd1 24. Rxd1 Rae8 25. Bd2 Nc6 
26. Rf1 h6 27. Nh3 Rxf1+ 28. Rxf1 Kg8 29. Ng4 Re6 30. Re1 Kf7 31. Kg2 b5 
32. Nhf2 Bb6 33. Be3 Bxe3 34. Nxe3 Ne7 35. Nc2 Rg6+ 36. Kh2 Ke6 37. Nd4+ Kd6 
38. Nf3 Nc6 39. c4 Nd4 40. Nxd4 exd4 41. cxd5 Kxd5 42. b3 c5 43. Re7 Kd6 
44. Re8 Kd5 45. Re7 Kd6 46. Rf7 Kc6 47. Ra7 Kb6 48. Rd7 Rc6 49. Kg2 g5 
50. Ne4 h5 51. Nd2 h4 52. Re7 g4 53. Kh2 Ka5 54. a3 Kb6 55. Kg2 Rh6 56. Ne4 c4 
57. dxc4 bxc4 58. bxc4 d3 59. Nf2 Rd6 60. Re5 Kc6 61. Nxg4 d2 62. Ne3 h3+ 
63. Kh2 d1=Q 64. Nxd1 Rxd1 65. Kxh3 Ra1 66. Re6+ Kc5 67. Rxa6 Rb1 68. Ra7 Ra1 
69. Kg3 Rb1 70. Rc7+ 1/2-1/2

[Event "Saturday 27 January Rapid Engine Tour 12+1 Rounds 9 Starts 1600 ST"]
[Site "Infinity Chess"]
[Date "2018.1.27"]
[Round "6"]
[White "Murx"]
[Black "hafaba"]
[Result "1-0"]
[ECO "A40"]
[WhiteElo "2515"]
[BlackElo "2485"]
[WhiteEngine "BrainFish_180113_x64_modern"]
[BlackEngine "SF SL FA 26012018 POPCNT_CTG"]
[EventType "Swiss"]
[WhiteTeam ""]
[BlackTeam ""]
[PlyCount "173"]
[TimeControl "720+1"]

1. d4 c6 2. e4 d5 3. e5 c5 4. dxc5 e6 5. a3 Bxc5 6. Nf3 Ne7 7. b4 Bb6 8. Bb2 O-O 
9. Bd3 Ng6 10. h4 Nc6 11. h5 Nf4 12. Bb5 d4 13. g3 Nd5 14. h6 g6 15. O-O Bd7 
16. Qd3 f6 17. Bxc6 Bxc6 18. b5 Nf4 19. gxf4 Bxf3 20. Qxf3 fxe5 21. Bc1 exf4 
22. Nd2 Qg5+ 23. Qg2 Qxh6 24. a4 Qh5 25. Qf3 Qg5+ 26. Kh2 Rac8 27. Ne4 Qd5 
28. Kg2 Rc4 29. a5 Bc5 30. b6 a6 31. Bb2 Rf5 32. Rfd1 Qc6 33. Kf1 Qd5 
34. Kg1 Qc6 35. Qd3 Be7 36. f3 Rd5 37. Ba3 Bh4 38. Qd2 Rf5 39. Bb4 h6 
40. Rab1 Bf6 41. c3 Bg7 42. cxd4 Bxd4+ 43. Kf1 e5 44. Rdc1 Kg7 45. Rxc4 Qxc4+ 
46. Qe2 Qc8 47. Nd6 Rg5 48. Qxe5+ Bxe5 49. Nxc8 Rg3 50. Kf2 g5 51. Rd1 h5 
52. Nd6 Bxd6 53. Rxd6 g4 54. fxg4 hxg4 55. Bd2 Rh3 56. Rd7+ Kf6 57. Rxb7 Rh2+ 
58. Ke1 Rh1+ 59. Ke2 g3 60. Bxf4 g2 61. Be3 Rb1 62. Ra7 Rb3 63. Kf2 Rb2+ 
64. Kf3 Ke6 65. b7 Kd5 66. Bf2 Kc6 67. Kxg2 Rxb7 68. Rxa6+ Kd5 69. Ra8 Rg7+ 
70. Kf1 Rh7 71. a6 Rh1+ 72. Ke2 Ra1 73. a7 Ra2+ 74. Kf3 Ra3+ 75. Be3 Ra1 
76. Rd8+ Ke6 77. a8=R Rxa8 78. Rxa8 Kd5 79. Ra5+ Kd6 80. Ke4 Ke7 81. Bc5+ Ke6 
82. Ra6+ Kd7 83. Kd5 Kc7 84. Ra7+ Kd8 85. Kc6 Ke8 86. Bd6 Kd8 87. Ra8# 1-0

[Event "Saturday 27 January Rapid Engine Tour 12+1 Rounds 9 Starts 1600 ST"]
[Site "Infinity Chess"]
[Date "2018.1.27"]
[Round "6"]
[White "xeonrocks"]
[Black "Thinker"]
[Result "1/2-1/2"]
[ECO "C53"]
[WhiteElo "2543"]
[BlackElo "2449"]
[WhiteEngine "asmFishW_CTG"]
[BlackEngine "BrainFish_180124_x64_modern_CTG"]
[EventType "Swiss"]
[WhiteTeam ""]
[BlackTeam ""]
[PlyCount "92"]
[TimeControl "720+1"]

1. e4 e5 2. Nf3 Nc6 3. Bc4 Bc5 4. c3 Nf6 5. d4 exd4 6. e5 d5 7. Bb5 Ne4 
8. cxd4 Bb6 9. O-O Bg4 10. a4 a5 11. Nc3 O-O 12. Bxc6 bxc6 13. h3 Bxf3 
14. Qxf3 Bxd4 15. Nxe4 dxe4 16. Qxe4 Re8 17. Qxc6 Rb8 18. Bd2 Rxe5 19. Rac1 Rxb2 
20. Bf4 Re6 21. Qxc7 Qxc7 22. Bxc7 g6 23. Bxa5 Ra6 24. Rc4 Rxa5 25. Rxd4 Ra2 
26. g4 h5 27. Re1 hxg4 28. hxg4 R2xa4 29. Rxa4 Rxa4 30. f3 Kf8 31. Kg2 g5 
32. Re5 f6 33. Re2 Kf7 34. Rc2 Kg6 35. Kh3 Rb4 36. Rc3 Rb2 37. Re3 Ra2 
38. f4 gxf4 39. Rb3 Re2 40. Rb6 Kg5 41. Rb5+ Re5 42. Rb7 Re3+ 43. Kg2 Kxg4 
44. Rg7+ Kh5 45. Kf2 Rc3 46. Ra7 Rg3 1/2-1/2

[Event "Saturday 27 January Rapid Engine Tour 12+1 Rounds 9 Starts 1600 ST"]
[Site "Infinity Chess"]
[Date "2018.1.27"]
[Round "5"]
[White "KillBill2017"]
[Black "star99"]
[Result "1/2-1/2"]
[ECO "C55"]
[WhiteElo "2359"]
[BlackElo "2374"]
[WhiteEngine "Stockfish_x64_230118_Color_Contempt_pop_720mingw_CTG"]
[BlackEngine "Cryptic AIL V2"]
[EventType "Swiss"]
[WhiteTeam ""]
[BlackTeam ""]
[PlyCount "121"]
[TimeControl "720+1"]

1. e4 e5 2. Nf3 Nc6 3. Bc4 Nf6 4. d3 Bc5 5. c3 d6 6. O-O O-O 7. Bg5 h6 8. Bh4 a5 
9. a4 g5 10. Bg3 Kg7 11. Nbd2 Ba7 12. Re1 Ng8 13. h3 Nge7 14. Ra3 Bd7 
15. Rb3 Rb8 16. d4 exd4 17. cxd4 Nxd4 18. Nxd4 Bxd4 19. Rd3 Nc6 20. Bb5 Bc5 
21. e5 Bf5 22. Ne4 Bxe4 23. Rxe4 Qe7 24. Qe2 Rbe8 25. h4 Qe6 26. hxg5 hxg5 
27. Bxc6 bxc6 28. Bh4 Rh8 29. Bxg5 dxe5 30. Rg4 Kf8 31. Qe4 Be7 32. Bd2 Bc5 
33. Bxa5 Qh6 34. Rh3 Qc1+ 35. Be1 Rxh3 36. gxh3 Ke7 37. Kh2 Qxb2 38. Qxc6 Qb6 
39. Qe4 Bd4 40. Bd2 Qe6 41. Be3 c5 42. a5 Kd6 43. Rh4 Rf8 44. Rh6 f6 
45. Rh7 Bxe3 46. Qxe3 Qc4 47. a6 Rg8 48. Qh6 Qf4+ 49. Qxf4 exf4 50. Rf7 c4 
51. Rxf6+ Kc5 52. Rxf4 c3 53. Rf5+ Kd4 54. Rf4+ Kd3 55. Rf3+ Kd2 56. Rf6 c2 
57. Rd6+ Ke1 58. Rc6 Kd2 59. Rd6+ Ke1 60. Rc6 Kd2 61. Rd6+ 1/2-1/2

[Event "Saturday 27 January Rapid Engine Tour 12+1 Rounds 9 Starts 1600 ST"]
[Site "Infinity Chess"]
[Date "2018.1.27"]
[Round "5"]
[White "Dovahkiin"]
[Black "neófito"]
[Result "1/2-1/2"]
[ECO "C55"]
[WhiteElo "2402"]
[BlackElo "2417"]
[WhiteEngine "BrainFish_180113_x64_modern_CTG"]
[BlackEngine "asmfish-bmi2-012018-W_CTG"]
[EventType "Swiss"]
[WhiteTeam ""]
[BlackTeam ""]
[PlyCount "78"]
[TimeControl "720+1"]

1. e4 e5 2. Nf3 Nc6 3. Bc4 Nf6 4. d3 Bc5 5. O-O d6 6. c3 O-O 7. Re1 a5 
8. Nbd2 h6 9. h3 Be6 10. Bb5 Qb8 11. Nf1 Qa7 12. Be3 Bxe3 13. Nxe3 Ne7 
14. a4 Ng6 15. Bc4 Bxc4 16. Nxc4 Qa6 17. Qc2 Rfe8 18. g3 Nxe4 19. Rxe4 d5 
20. Rxe5 dxc4 21. Rxe8+ Rxe8 22. d4 Qc6 23. Re1 Rxe1+ 24. Nxe1 Ne7 25. Ng2 Nd5 
26. Qf5 b6 27. Qe5 Nf6 28. Ne3 Qxa4 29. Qxc7 Qa1+ 30. Kg2 Qxb2 31. Qc8+ Kh7 
32. Qf5+ Kg8 33. Qc8+ Kh7 34. Qf5+ Kg8 35. Nd5 Nxd5 36. Qc8+ Kh7 37. Qf5+ Kg8 
38. Qc8+ Kh7 39. Qf5+ Kg8 1/2-1/2

[Event "Saturday 27 January Rapid Engine Tour 12+1 Rounds 9 Starts 1600 ST"]
[Site "Infinity Chess"]
[Date "2018.1.27"]
[Round "5"]
[White "RonWeasley"]
[Black "Gilgamesch"]
[Result "1/2-1/2"]
[ECO "C53"]
[WhiteElo "2453"]
[BlackElo "2456"]
[WhiteEngine "BrainFish 060118_CTG"]
[BlackEngine "BrainFish_171005_x64_bmi2"]
[EventType "Swiss"]
[WhiteTeam ""]
[BlackTeam ""]
[PlyCount "108"]
[TimeControl "720+1"]

1. e4 e5 2. Nf3 Nc6 3. Bc4 Bc5 4. c3 Nf6 5. d3 a5 6. Bg5 d6 7. O-O O-O 8. Bb3 h6 
9. Bh4 g5 10. Bg3 g4 11. Nh4 Nh5 12. a4 Bd7 13. Ng6 Nxg3 14. hxg3 Re8 
15. Nh4 Qg5 16. Nd2 Ne7 17. Nc4 h5 18. Kh2 Ng6 19. d4 exd4 20. cxd4 Bb4 
21. f4 Qh6 22. Nxg6 Qxg6 23. e5 Rad8 24. Ne3 c6 25. Qe2 Kg7 26. Rad1 Qh6 
27. Bc2 Kg8 28. Bd3 Be6 29. Bb1 Kh8 30. Bc2 Kg8 31. Be4 Kh8 32. Bf5 dxe5 
33. dxe5 Be7 34. Rxd8 Rxd8 35. Rd1 Rf8 36. Bc2 Re8 37. Bf5 Rf8 38. Bxe6 fxe6 
39. Rd7 h4 40. Nxg4 hxg3+ 41. Kxg3 Qxf4+ 42. Kh3 Qg5 43. g3 Rd8 44. Rxd8+ Bxd8 
45. Qd3 Be7 46. Qd7 Qh5+ 47. Kg2 Qxg4 48. Qe8+ Kg7 49. Qxe7+ Kh6 50. Qf6+ Kh5 
51. Qf7+ Kg5 52. Qf6+ Kh5 53. Qf7+ Kg5 54. Qf6+ Kh5 1/2-1/2

[Event "Saturday 27 January Rapid Engine Tour 12+1 Rounds 9 Starts 1600 ST"]
[Site "Infinity Chess"]
[Date "2018.1.27"]
[Round "5"]
[White "Marsell"]
[Black "Ninja_Bp"]
[Result "1/2-1/2"]
[ECO "B90"]
[WhiteElo "2464"]
[BlackElo "2458"]
[WhiteEngine "asmFishW_2018-01-11_popcnt"]
[BlackEngine "Houdini 6"]
[EventType "Swiss"]
[WhiteTeam ""]
[BlackTeam ""]
[PlyCount "149"]
[TimeControl "720+1"]

1. e4 c5 2. Nf3 d6 3. d4 cxd4 4. Nxd4 Nf6 5. Nc3 a6 6. Be3 e5 7. Nb3 Be7 
8. Be2 Be6 9. Qd3 O-O 10. O-O Nc6 11. a3 Na5 12. Nxa5 Qxa5 13. b4 Qd8 
14. Nd5 Nxd5 15. exd5 Bd7 16. c4 f5 17. f4 e4 18. Qd2 Qe8 19. Rfe1 h6 
20. Rac1 Kh7 21. Kh1 Qf7 22. Rg1 Rfc8 23. h3 g6 24. g4 a5 25. b5 Bf6 26. Rg2 a4 
27. Rcg1 Rg8 28. Qb4 Qf8 29. Bb6 Bh4 30. Bd4 Bf6 31. Qb2 Bxd4 32. Qxd4 Rg7 
33. g5 h5 34. Qb6 Be8 35. h4 Bd7 36. Rb1 Be8 37. Rg3 Rd7 38. Kg2 Qg7 39. Qe3 Bf7 
40. Qb6 Be8 41. Qf2 Bf7 42. Qe3 Re7 43. Qb6 Rd7 44. Qg1 Rc7 45. Qd1 b6 
46. Qd2 Raa7 47. Qe3 Rc5 48. Qg1 Rac7 49. Kh1 Bxd5 50. cxd5 Rc2 51. Re1 R7c5 
52. Bf1 Qb2 53. Qe3 R5c3 54. Qg1 Qxa3 55. Rxc3 Qxc3 56. Qe3 Qb3 57. Kg1 Kg8 
58. Bg2 Qxd5 59. Qxb6 Qd2 60. Qd8+ Kf7 61. Qd7+ Kg8 62. Qe6+ Kf8 63. Qf6+ Ke8 
64. Qxg6+ Kd8 65. Qg8+ Kc7 66. b6+ Kxb6 67. Qd8+ Kc5 68. Qc8+ Kd4 69. Qh8+ Kc5 
70. Qc8+ Kd4 71. Qh8+ Kd5 72. Qg8+ Kd4 73. Qg7+ Kd5 74. Qb7+ Kc5 75. Qc8+ 
1/2-1/2

[Event "Saturday 27 January Rapid Engine Tour 12+1 Rounds 9 Starts 1600 ST"]
[Site "Infinity Chess"]
[Date "2018.1.27"]
[Round "5"]
[White "Prometheus"]
[Black "incredible"]
[Result "1/2-1/2"]
[ECO "A00"]
[WhiteElo "2460"]
[BlackElo "2417"]
[WhiteEngine "Eman 1.67a-64bit-IDeA"]
[BlackEngine "Houdini 6"]
[EventType "Swiss"]
[WhiteTeam ""]
[BlackTeam ""]
[PlyCount "109"]
[TimeControl "720+1"]

1. g3 e6 2. Nf3 d5 3. Bg2 c5 4. d4 cxd4 5. Nxd4 Nf6 6. c4 e5 7. Nf3 d4 
8. O-O Nc6 9. e3 Be7 10. exd4 exd4 11. a3 a5 12. Re1 O-O 13. Bf4 h6 14. Nbd2 g5 
15. Be5 Ng4 16. h3 Nxf2 17. Kxf2 f6 18. Bxd4 Nxd4 19. Rxe7 Nxf3 20. Qe2 Qd4+ 
21. Re3 Nxd2 22. Bd5+ Kg7 23. Rd1 Re8 24. Rxd2 Qb6 25. Rc2 Bxh3 26. c5 Rxe3 
27. cxb6 Rxe2+ 28. Kxe2 Re8+ 29. Kf2 Re7 30. b3 Kg6 31. a4 Be6 32. Re2 Kf7 
33. Rxe6 Rxe6 34. b4 axb4 35. a5 Ke7 36. Bxe6 Kxe6 37. a6 b3 38. axb7 b2 
39. b8=Q b1=Q 40. g4 Qc2+ 41. Ke3 Qc5+ 42. Kf3 Qc3+ 43. Kg2 Qc6+ 44. Kg1 Kd7 
45. Qa7+ Kc8 46. Qa6+ Qb7 47. Qc4+ Kb8 48. Kf1 Qd7 49. Qe4 Qb5+ 50. Ke1 Qxb6 
51. Qe8+ Kc7 52. Qe7+ Kc6 53. Qxf6+ Kb5 54. Qxb6+ Kxb6 55. Kf2 1/2-1/2

[Event "Saturday 27 January Rapid Engine Tour 12+1 Rounds 9 Starts 1600 ST"]
[Site "Infinity Chess"]
[Date "2018.1.27"]
[Round "5"]
[White "BraveDevil"]
[Black "Susanne"]
[Result "1/2-1/2"]
[ECO "E40"]
[WhiteElo "2440"]
[BlackElo "2465"]
[WhiteEngine "Cryptic AIL V2"]
[BlackEngine "asmfish-bmi2-012118-W_CTG"]
[EventType "Swiss"]
[WhiteTeam ""]
[BlackTeam ""]
[PlyCount "117"]
[TimeControl "720+1"]

1. d4 Nf6 2. c4 e6 3. Nc3 Bb4 4. e3 O-O 5. Bd3 b6 6. Nf3 d5 7. O-O Bb7 
8. cxd5 exd5 9. a3 Bd6 10. b4 a6 11. Qc2 Nbd7 12. b5 axb5 13. Nxb5 Qe7 
14. Nxd6 Qxd6 15. Bb2 c5 16. Ne5 c4 17. Bf5 g6 18. Bh3 Nb8 19. f3 Nc6 20. g4 Ne8 
21. a4 Qe6 22. f4 f6 23. f5 gxf5 24. gxf5 Qe7 25. Ba3 Nd6 26. Ng4 Rad8 
27. Rf3 Kh8 28. Rg3 Qe8 29. Rb1 Rg8 30. Rxb6 Bc8 31. Bg2 Rxg4 32. Bxd6 Rxd6 
33. Rxg4 Nxd4 34. Qd2 Rxb6 35. Qxd4 Rd6 36. e4 c3 37. Qxc3 dxe4 38. Rxe4 Qd8 
39. Re1 Bxf5 40. a5 Be6 41. Rf1 Bg8 42. h3 Bd5 43. Rd1 Bxg2 44. Rxd6 Qxd6 
45. Kxg2 h5 46. h4 Kh7 47. Kf2 Qf4+ 48. Ke2 Qxh4 49. Qf3 Qh2+ 50. Kf1 Qe5 
51. Qb7+ Kg6 52. a6 Qd4 53. a7 Qd1+ 54. Kf2 Qc2+ 55. Ke1 Qc1+ 56. Ke2 Qc2+ 
57. Ke1 Qc1+ 58. Ke2 Qc2+ 59. Ke1 1/2-1/2

[Event "Saturday 27 January Rapid Engine Tour 12+1 Rounds 9 Starts 1600 ST"]
[Site "Infinity Chess"]
[Date "2018.1.27"]
[Round "5"]
[White "KRAKEN"]
[Black "angriff"]
[Result "1/2-1/2"]
[ECO "A11"]
[WhiteElo "2504"]
[BlackElo "2387"]
[WhiteEngine "Raubfisch X37b4_CTG"]
[BlackEngine "Stockfish SL FA POPCNT_CTG"]
[EventType "Swiss"]
[WhiteTeam ""]
[BlackTeam ""]
[PlyCount "114"]
[TimeControl "720+1"]

1. c4 c6 2. Nf3 d5 3. g3 dxc4 4. Bg2 Nf6 5. O-O Nbd7 6. Qc2 e5 7. Qxc4 Bd6 
8. Rd1 O-O 9. d3 Re8 10. Nbd2 a5 11. Qc2 Bc5 12. e3 a4 13. Nc4 Bf8 14. d4 e4 
15. Ng5 Qe7 16. Nd2 Nb6 17. Ngxe4 Bf5 18. f3 Nbd5 19. Qd3 Rad8 20. a3 c5 
21. b3 axb3 22. Qxb3 Nxe4 23. fxe4 c4 24. Nxc4 Bxe4 25. Bxe4 Qxe4 26. Rf1 Re7 
27. Bd2 g6 28. Rae1 Bg7 29. Nb6 Nxb6 30. Qxb6 Rc8 31. a4 Bh6 32. Rf2 Rc2 
33. Qd8+ Bf8 34. a5 Rb2 35. Qb8 Qd3 36. Rd1 f5 37. Qf4 Re8 38. Qf3 Qb3 
39. Rc1 Qf7 40. Qe2 Bh6 41. Rc3 Ra2 42. Qd1 Rxa5 43. Qb3 Qxb3 44. Rxb3 Ra2 
45. Kg2 b5 46. h3 Rb8 47. g4 fxg4 48. hxg4 b4 49. Bc1 Ra7 50. Rfb2 Rf8 
51. Rxb4 Rc7 52. Bd2 Rcf7 53. Rb8 Rf2+ 54. Kh3 R2f3+ 55. Kg2 Rf2+ 56. Kh3 R2f3+ 
57. Kg2 Rf2+ 1/2-1/2

[Event "Saturday 27 January Rapid Engine Tour 12+1 Rounds 9 Starts 1600 ST"]
[Site "Infinity Chess"]
[Date "2018.1.27"]
[Round "5"]
[White "Murx"]
[Black "MiKachomiKa QueeN"]
[Result "1/2-1/2"]
[ECO "E10"]
[WhiteElo "2518"]
[BlackElo "2435"]
[WhiteEngine "BrainFish_180113_x64_modern"]
[BlackEngine "stockfish_18012314_x64_modern_CTG"]
[EventType "Swiss"]
[WhiteTeam ""]
[BlackTeam ""]
[PlyCount "116"]
[TimeControl "720+1"]

1. d4 Nf6 2. c4 e6 3. Nf3 d5 4. Nc3 c6 5. Bg5 dxc4 6. e4 b5 7. e5 h6 8. Bh4 g5 
9. Nxg5 hxg5 10. Bxg5 Nbd7 11. exf6 Bb7 12. g3 c5 13. d5 Qb6 14. Bg2 O-O-O 
15. O-O b4 16. Na4 Qa6 17. a3 Bxd5 18. Bxd5 Ne5 19. Nxc5 Bxc5 20. axb4 Bxf2+ 
21. Kxf2 Qb6+ 22. Kg2 Rxd5 23. Qe2 Qxb4 24. Rxa7 Nc6 25. Ra8+ Nb8 26. Bf4 e5 
27. Qf3 Qb7 28. Ra7 Qxa7 29. Qxd5 exf4 30. Rxf4 Na6 31. Rxc4+ Nc7 32. Qxf7 Qa8+ 
33. Kg1 Qa7+ 34. Kf1 Qa1+ 35. Kg2 Qxb2+ 36. Kf3 Qe5 37. Kg4 Kd8 38. Qe7+ Qxe7 
39. fxe7+ Kd7 40. h4 Ne8 41. Rd4+ Kxe7 42. Kf5 Nd6+ 43. Kf4 Rf8+ 44. Kg4 Nf5 
45. Ra4 Ne3+ 46. Kh3 Nd1 47. Kg2 Nc3 48. Ra7+ Kf6 49. g4 Ne4 50. Ra4 Nd2 
51. g5+ Kf5 52. g6 Ke6 53. g7 Re8 54. h5 Kf7 55. g8=Q+ Rxg8+ 56. Kh3 Rc8 
57. Rf4+ Kg7 58. Ra4 Rc5 1/2-1/2